 Dungeon Crawl Stone Soup version 0.31.0-11-ge490571c62 (webtiles) character file.

Game seed: 21519775911230655

415174 Flugkiller the Slayer (level 21, -22/210 HPs)
             Began as a Minotaur Fighter on Jan 29, 2024.
             Was a High Priest of Cheibriados.
             Killed from afar by an electric golem (29 damage)
             ... with a bolt of lightning
             ... on level 1 of the Realm of Zot.
             The game lasted 00:23:43 (31538 turns).

Flugkiller the Slayer (Minotaur Fighter)           Turns: 31538, Time: 00:23:43

Health: -22/210    AC: 37    Str: 50    XL:     21   Next: 43%
Magic:  22/32      EV: 24    Int: 18    God:    Cheibriados [*****.]
Gold:   5595       SH: 18    Dex: 23    Spells: 20/20 levels left

rFire   + + .        G - +8 war axe "Caif" {vamp, SInv}
rCold   . . .        k - +1 kite shield {rF+}
rNeg    . . .        r - +4 plate armour {rF+}
rPois   +            u - +2 hat {SInv}
rElec   .            c - +2 cloak
rCorr   .            I - +2 pair of gloves {Str+3}
SInv    +            l - +2 pair of boots
Will    ++...        x - amulet of the acrobat Stlth
                     y - ring "Soim" {Wiz Will+ Str+2}
HPRegen 1.35/turn    o - ring of poison resistance
MPRegen 0.23/turn

%: acrobat, wizardry (x1)
@: unable to drink, very slow
A: horns 2, retaliatory headbutt, claws 1, high MP 1, regeneration 1, inability
to drink after injury 1
}: 3/15 runes: serpentine, barnacled, silver
a: Renounce Religion, Bend Time, Temporal Distortion, Slouch, Step From Time


You were on level 1 of the Realm of Zot.
You worshipped Cheibriados.
Cheibriados was extremely pleased with you.
You visited 8 branches of the dungeon, and saw 40 of its levels.
You also visited: Bailey and Gauntlet.

You collected 7741 gold pieces.
You spent 2146 gold pieces at shops.

Inventory:

Hand Weapons
 j - the +8 war axe "Hepitygi" {freeze, rC++}
   (You bought it in a shop on level 5 of the Dungeon)

   rC++:      It greatly protects you from cold.
 G - the +8 war axe "Caif" (weapon) {vamp, SInv}
   (You bought it in a shop on level 8 of the Dungeon)

   SInv:      It lets you see invisible.
 S - a +0 broad axe of venom
   (You found it on level 4 of the Lair of Beasts)
Missiles
 M - 3 throwing nets (quivered)
Armour
 c - a +2 cloak (worn)
   (You found it on level 4 of the Snake Pit)
 k - a +1 kite shield of fire resistance (worn)
   (You took it off a naga warrior on level 4 of the Snake Pit)
 l - a +2 pair of boots (worn)
   (You found it on level 6 of the Dungeon)
 r - a +4 plate armour of fire resistance (worn)
   (You took it off Louise on level 4 of the Shoals)
 u - a +2 hat of see invisible (worn)
   (You took it off Gastronok on level 2 of the Lair of Beasts)
 I - a +2 pair of gloves of strength (worn)
   (You found it on level 1 of the Dungeon)
Jewellery
 m - a ring of willpower
   (You found it on level 12 of the Dungeon)
 o - a ring of poison resistance (right hand)
   (You found it on level 4 of the Lair of Beasts)
 v - a +5 ring of evasion
   (You found it on level 14 of the Dungeon)
 x - an amulet of the acrobat (around neck)
   (You found it on level 7 of the Dungeon)
 y - the ring "Soim" (left hand) {Wiz Will+ Str+2}
   (You took it off an ogre mage on level 5 of the Vaults)

   [ring of wizardry]

   Wiz:       It improves your spell success rate.
   Str+2:     It affects your strength (+2).
   Will+:     It increases your willpower.
 P - the amulet of Dawn {Reflect rElec rPois Will- SH+5}
   (You acquired it on level 4 of the Lair of Beasts)

   [amulet of reflection]

   Reflect:   It reflects blocked missile attacks.
   rElec:     It insulates you from electricity.
   rPois:     It protects you from poison Will-: It decreases your willpower.
   SH+5:      It affects your SH (+5).
Wands
 e - a wand of charming (52)
   (You found it on level 6 of the Dungeon)
 g - a wand of digging (8)
   (You found it on level 10 of the Dungeon)
 A - a wand of acid (9)
   (You found it on level 4 of the Dungeon)
 E - a wand of mindburst (23)
   (You took it off Maurice on level 9 of the Dungeon)
 H - a wand of iceblast (12)
   (You took it off Erica on level 10 of the Dungeon)
Scrolls
 a - 2 scrolls of fear
 b - a scroll of revelation
 h - 9 scrolls of immolation
 p - 5 scrolls of enchant weapon
 t - 15 scrolls of teleportation
 z - 9 scrolls of blinking
 J - 3 scrolls of fog
 U - 6 scrolls of vulnerability
 Z - 2 scrolls of butterflies
Potions
 d - a potion of might
 f - 7 potions of lignification
 n - 2 potions of resistance
 q - 19 potions of curing
 w - 5 potions of heal wounds
 D - 2 potions of mutation
 K - 2 potions of cancellation
 O - 4 potions of attraction
 Q - 5 potions of berserk rage
 R - 2 potions of magic
 T - a potion of ambrosia
 V - 4 potions of invisibility
 X - a potion of enlightenment
Miscellaneous
 B - a phantom mirror
   (You found it in a bailey)
 C - a tin of tremorstones (2/2)
   (You found it on level 10 of the Dungeon)
 N - a sack of spiders
   (You found it in a Gauntlet)
 W - a phial of floods
   (You found it on level 12 of the Dungeon)


   Skills:
 + Level 22.8 Fighting
 - Level 16.0 Axes
 + Level 21.6 Armour
 + Level 19.3 Dodging
 + Level 19.5 Shields
 - Level 12.0 Invocations
 - Level 6.0 Evocations


You had 20 spell levels left.
You didn't know any spells.
Your spell library contained the following spells:

 Spells                   Type           Power      Damage    Failure   Level
 Apportation              Tloc           0%         N/A       22%         1
 Freeze                   Ice            0%         1d3       22%         1
 Magic Dart               Conj           0%         1d3       22%         1
 Necrotise                Necr           0%         1d4       22%         1
 Sting                    Conj/Alch      0%         1d3       22%         1
 Summon Small Mammal      Summ           0%         N/A       22%         1
 Blink                    Tloc           0%         N/A       32%         2
 Call Imp                 Summ           0%         N/A       32%         2
 Cigotuvi's Dreadful Rot  Necr/Alch/Air  0%         N/A       32%         2
 Ensorcelled Hibernation  Hex/Ice        0%         N/A       32%         2
 Sublimation of Blood     Necr           0%         N/A       32%         2
 Call Canine Familiar     Summ           0%         N/A       52%         3
 Dazzling Flash           Conj/Hex       0%         N/A       52%         3
 Frozen Ramparts          Ice            0%         1d1       52%         3
 Fugue of the Fallen      Necr           0%         N/A       52%         3
 Hailstorm                Conj/Ice       0%         3d5       52%         3
 Sigil of Binding         Hex            0%         N/A       52%         3
 Tukima's Dance           Hex            0%         N/A       52%         3
 Volatile Blastmotes      Fire/Tloc      0%         2d10      52%         3
 Anguish                  Hex/Necr       0%         N/A       89%         4
 Animate Armour           Summ/Erth      0%         N/A       89%         4
 Animate Dead             Necr           0%         N/A       89%         4
 Dimensional Bullseye     Hex/Tloc       0%         N/A       89%         4
 Ignite Poison            Fire/Alch      0%         N/A       89%         4
 Iskenderun's Mystic Bla  Conj/Tloc      0%         2d3       89%         4
 Leda's Liquefaction      Alch/Erth      0%         N/A       89%         4
 Petrify                  Alch/Erth      0%         N/A       89%         4
 Sticky Flame             Fire/Alch      0%         2d4       89%         4
 Summon Blazeheart Golem  Fire/Summ      0%         N/A       89%         4
 Summon Lightning Spire   Summ/Air       0%         N/A       89%         4
 Vhi's Electric Charge    Tloc/Air       0%         N/A       89%         4
 Arcjolt                  Conj/Air       0%         1d10      99%         5
 Borgnjor's Vile Clutch   Necr/Erth      0%         N/A       99%         5
 Freezing Cloud           Conj/Ice/Air   0%         6-21      99%         5
 Irradiate                Conj/Alch      0%         3d11      99%         5
 Iskenderun's Battlesphe  Conj           0%         2d6       99%         5
 Lee's Rapid Deconstruct  Erth           0%         3d4*      99%         5
 Metabolic Englaciation   Hex/Ice        0%         N/A       99%         5
 Summon Forest            Summ/Tloc      0%         N/A       99%         5
 Bombard                  Conj/Erth      0%         9d1       100%        6
 Death Channel            Necr           0%         N/A       100%        6
 Eringya's Noxious Bog    Alch           0%         4d6       100%        6
 Sculpt Simulacrum        Ice/Alch       0%         N/A       100%        6
 Starburst                Conj/Fire      0%         6d3       100%        6
 Haunt                    Necr/Summ      0%         N/A       100%        7
 Orb of Destruction       Conj           0%         9d5       100%        7
 Spellforged Servitor     Conj/Summ      0%         N/A       100%        7
 Summon Hydra             Summ           0%         N/A       100%        7
 Borgnjor's Revivificati  Necr           0%         N/A       100%        8
 Ignition                 Fire           0%         3d3       100%        8
 Maxwell's Capacitive Co  Air            0%         ∞         100%        8
 Death's Door             Necr           0%         N/A       100%        9


Dungeon Overview and Level Annotations

Branches:
Dungeon (15/15)            Temple (0/1) D:5            Lair (5/5) D:9
 Shoals (4/4) Lair:2        Snake (4/4) Lair:3        Slime (0/5) Lair:5
    Orc (2/2) D:12            Elf (0/3) Orc:2        Vaults (5/5) D:14
  Crypt (0/3) Vaults:2     Depths (4/4) D:15            Zot (1/5) Depths:4
 Bailey (visited)         Gauntlet (visited)

Altars:
Ashenzari
Cheibriados
Dithmenos
Elyvilon
Fedhas
Kikubaaqudgha
Okawaru
Qazlal
Ru
Sif Muna
Trog
Vehumet
Xom
Yredelemnul
Zin
Jiyva

Shops:
D:5 (   D:8 *   D:9 !   D:12 [   D:13 ?   Orc:1 *   Orc:2 *?!*[   Shoals:3 *
Snake:4 !   Vaults:5 *

Portals:
Hell: Depths:1
Pandemonium: Depths:1 Depths:4
Ziggurat: Depths:4

Annotations:
Lair:2 1 runed translucent door, Dumidips's ghost, journeyman OpMo
Shoals:2 Roxanne


Innate Abilities, Weirdness & Mutations

You have a pair of horns on your head.
You reflexively headbutt those who attack you in melee.
You have sharp fingernails.
You have an increased reservoir of magic. (+10% MP)
Your natural rate of healing is unusually fast.
You occasionally lose the ability to drink potions when taking damage.


Message History

You carve the red draconian like a ham!!!
You kill the red draconian!
Cheibriados appreciates the change of pace.
The purple draconian shifter breathes dispelling energy at you.
The bolt of dispelling energy hits you but does no damage.
Your magical effects are unravelling.
An electric golem opens the gate.
The purple draconian shifter gestures wildly while chanting.
The purple draconian shifter blinks!
You are no longer firmly anchored in space.
The purple draconian shifter completely misses you.
You furiously retaliate!
You headbutt the purple draconian shifter.
You hit the purple draconian shifter.
The purple draconian shifter is moderately wounded.
The purple draconian shifter misses you.
You furiously retaliate!
You headbutt the purple draconian shifter!!
The electric golem is engulfed in blazing flames.
The electric golem blinks!
You slash the purple draconian shifter!
Your headbutt misses the purple draconian shifter.
The purple draconian shifter is severely wounded.
The purple draconian shifter breathes dispelling energy at you.
The bolt of dispelling energy hits you!!
You miss the purple draconian shifter.
The purple draconian shifter is severely wounded.
You slice the purple draconian shifter like a ripe choko!!!
You kill the purple draconian shifter!
Cheibriados appreciates the change of pace.
The electric golem hurls lightning at you.
The bolt of lightning hits you!!
You feel threatened and lose the ability to drink potions!
The bolt of lightning misses you.
You hear a shout!
You hear a roar! x2; You hear a deafening roar!
The electric golem hits you but does no damage.
The electric golem completely misses you.
The electric golem closely misses you.
The electric golem completely misses you.
The electric golem hurls lightning at you.
The bolt of lightning hits you! The bolt of lightning misses you.
A black draconian knight comes into view.
It is wielding a +0 dire flail.
You block the electric golem's attack. The electric golem misses you.
The electric golem closely misses you. You block the electric golem's attack.
Items here: )) [[[ †.
You hit the electric golem.
Your headbutt misses the electric golem.
The electric golem is lightly damaged.
The black draconian knight breathes lightning at you.
The bolt of lightning misses you.
The electric golem hits you but does no damage.
The electric golem barely misses you. You block the electric golem's attack.
The electric golem completely misses you.
You hear a roar!
You hear a shout!
You hear a deafening roar!
You barely miss the electric golem.
Your headbutt misses the electric golem.
The electric golem is lightly damaged.
The electric golem hurls lightning at you.
The bolt of lightning misses you. x2
You hear a shout!
You hear a deafening roar!
You closely miss the electric golem.
The electric golem is lightly damaged.
The electric golem completely misses you.
You block the electric golem's attack.
The electric golem completely misses you.
You block the electric golem's attack.
You miss the electric golem.
The electric golem is lightly damaged.
The electric golem hurls lightning at you.
The bolt of lightning hits you. The bolt of lightning hits you!!
The black draconian knight gestures wildly while chanting.
The black draconian knight seems to speed up.
You hear a deafening roar!
You miss the electric golem.
The electric golem is lightly damaged.
The electric golem hurls lightning at you.
The bolt of lightning hits you!!! The bolt of lightning hits you!!
* * * LOW HITPOINT WARNING * * *
The black draconian knight casts a spell at you.
The shard of ice hits you!!!
* * * LOW HITPOINT WARNING * * *
The electric golem hurls lightning at you.
The bolt of lightning misses you. The bolt of lightning hits you!
* * * LOW HITPOINT WARNING * * *
You hear a roar!
You slice the electric golem!!
Your headbutt misses the electric golem.
The electric golem is moderately damaged.
The electric golem crackles and sizzles.
The electric golem hits you but does no damage.
You block the electric golem's attack.
The electric golem hits you but does no damage.
You block the electric golem's attack.
You are too injured to fight recklessly!
You are too injured to fight recklessly!
You step out of the flow of time.
You return to the normal time flow.
Cheibriados lowers the support of your attributes as your movement quickens.
The electric golem hurls lightning at you.
The bolt of lightning hits you!!
You die...

#.#..## ....# .. ..#
#..#9.##.... ... #.)#
#.#....##..##...
...##..#....#..'2.
####...#.#.....#..'.
##......#..#...##..##
#.⌠#.#..#.#.).##.)..#
#.#.#..)#..#.##..†..# .
..#.#.$$.#@$##..)..##
...#.#..)[).#..##.)...####
....?....'.#......##)....#''#
#........#).#....####X.......
#####'''##.#.....####.d#.....
..........#.....##.....####
.#.#.#.#.....##....#..##..# .
#)#.#....##....####(...
.................##.....


You could see an electric golem.

Vanquished Creatures
  A dread lich (Vaults:5)
  An orb of fire (Zot:1)
  3 caustic shrikes (Depths:4)
  2 curse toes (Zot:1)
  Norris (Depths:2)
  Jorgrun (D:14)
  3 tentacled monstrosities (Zot:1)
  5 liches
  3 titans (Vaults:5)
  2 quicksilver dragons (Vaults:5)
  2 sphinxes
  A death cob (Zot:1)
  3 Executioners (Zot:1)
  A kraken (Shoals:3)
  Gastronok (Lair:2)
  Frances (Shoals:2)
  5 shadow dragons
  3 nagarajas (Snake:4)
  5 tengu reavers
  2 storm dragons (Vaults:5)
  A fire giant (Depths:2)
  A draconian monk (Zot:1)
  5 protean progenitors (Zot:1)
  Ilsuiw (Shoals:2)
  11 vault wardens
  A draconian shifter (Zot:1)
  3 draconian knights
  4 frost giants
  A draconian scorcher (Zot:1)
  Louise (Shoals:4)
  An orc warlord (Vaults:4)
  A curse skull (Vaults:2)
  3 spriggan defenders
  2 draconian annihilators (Zot:1)
  11 ironbound preservers
  A ghoul (Vaults:2)
  8 stone giants
  4 formless jellyfish
  6 ironbound thunderhulks
  3 very ugly things
  3 deep elf demonologists
  5 green draconians
  A lorocyproca (Depths:4)
  2 black draconians (Zot:1)
  2 red draconians (Zot:1)
  4 spark wasps
  3 yellow draconians (Zot:1)
  3 white draconians (Depths:4)
  A minotaur (Gauntlet)
  2 war gargoyles
  8 ettins
  A green death (Gauntlet)
  3 crystal guardians
  6 merfolk impalers
  3 jiangshi (Depths:4)
  An entropy weaver (shapeshifter) (D:14)
  11 yaktaur captains
  5 merfolk javelineers
  2 deep elf high priests (Vaults:5)
  4 fire dragons
  6 great orbs of eyes
  33 vault guards
  Harold (D:11)
  3 peacekeepers
  6 hydras
  6 ironbound frosthearts
  3 salamander tyrants (Snake:4)
  14 two-headed ogres
  Erica (D:10)
  5 ogre magi
  Erolcha (D:11)
  2 spriggan air magi (Depths:4)
  7 anacondas
  An anaconda (shapeshifter) (Vaults:5)
  2 merfolk avatars
  A catoblepas (Lair:2)
  An alligator snapping turtle (Shoals:4)
  A death knight (D:14)
  2 jorogumos (Zot:1)
  12 naga warriors
  2 merfolk aquamancers
  2 boulder beetles
  A vampire mage (Depths:4)
  5 tengu warriors
  2 satyrs (Shoals:4)
  3 deep troll earth magi
  5 centaur warriors
  4 deep troll shamans (Depths:4)
  3 death yaks
  20 naga sharpshooters
  5 shock serpents
  Urug (D:12)
  An occultist (D:15)
  3 hell knights
  3 orc high priests (Vaults:4)
  2 spriggan berserkers (Depths:4)
  A sun demon (D:15)
  6 skeletal warriors
  3 fire crabs (D:15)
  A skyshark (shapeshifter) (Vaults:5)
  Lodul (D:10)
  A soul eater (Depths:4)
  A sixfirhy (Depths:4)
  3 skysharks
  8 salamander mystics
  3 death drakes (Zot:1)
  A deep troll (shapeshifter) (Vaults:5)
  6 arcanists
  A mana viper (shapeshifter) (Vaults:5)
  2 glowing orange brains
  6 iron trolls
  5 sea snakes
  25 deep trolls
  7 naga ritualists
  A kraken simulacrum (Shoals:4)
  5 mana vipers
  2 harpies (shapeshifter)
  4 phantasmal warriors
  3 lindwurms
  3 orc knights (Vaults:4)
  23 harpies
  3 necromancers
  8 ironbound convokers
  7 deep elf pyromancers
  8 cyclopes
  13 ugly things
  A sea snake (shapeshifter) (Vaults:5)
  Maurice (D:9)
  12 manticores
  A faun (shapeshifter) (Vaults:5)
  5 fauns (Shoals:2)
  4 merfolk sirens
  2 water nymphs (Shoals:4)
  3 moths of wrath (Zot:1)
  9 salamanders
  36 black mambas
  4 kobold blastminers (Orc:2)
  14 naga magi
  A rust devil (D:15)
  A torpor snail (Lair:5)
  13 vault sentinels
  A cane toad (shapeshifter) (D:12)
  7 gargoyles
  11 cane toads
  3 unseen horrors
  8 komodo dragons
  An unseen horror zombie (D:8)
  7 rime drakes
  28 yaktaurs
  3 freezing wraiths
  4 tengu conjurers
  Psyche (D:12)
  A polar bear (shapeshifter) (D:14)
  A wolf spider simulacrum (D:15)
  12 polar bears
  5 wind drakes
  2 trolls (D:12)
  7 hornets
  15 merfolk
  2 glass eyes (Zot:1)
  3 dream sheep
  A dream sheep (shapeshifter) (Vaults:5)
  9 snapping turtles
  8 blink frogs (Lair:5)
  A culicivora (shapeshifter) (D:14)
  15 slime creatures
  A shadow (D:11)
  6 air elementals (D:15)
  17 spriggans
  Sigmund (D:4)
  2 vampires
  2 wyverns
  15 water elementals
  A basilisk (shapeshifter) (D:15)
  37 yaks
  3 wraiths
  9 basilisks
  2 humans (D:14)
  A hog (D:10)
  6 steam dragons
  A golden eye (shapeshifter) (D:12)
  5 vampire mosquitoes (D:12)
  A redback (shapeshifter) (D:15)
  35 nagas
  3 acid dragons
  20 water moccasins
  Duvessa (D:4)
  6 black bears
  3 ice beasts
  4 meliai simulacra (D:15)
  29 orc warriors
  7 boggarts
  33 ogres
  39 wolves
  14 centaurs
  Blork the orc (D:5)
  8 kobold brigands
  A wyvern zombie (D:8)
  18 bullfrogs
  3 scorpions
  4 necrophages (D:8)
  A gnoll sergeant (D:8)
  3 wights (D:10)
  Dowan (D:4)
  3 killer bees (D:8)
  An electric eel (Lair:2)
  5 howler monkeys
  A bombardier beetle (D:5)
  A centaur zombie (D:8)
  4 jellies
  4 hounds
  Crazy Yiuf (D:4)
  15 orc priests
  A sleepcap (D:5)
  A gnoll bouda (D:6)
  6 iguanas
  11 orc wizards
  5 hell rats (Lair:4)
  2 human simulacra (D:10)
  A howler monkey zombie (D:8)
  11 gnolls
  8 adders
  2 white imps
  2 ufetubi (D:6)
  3 ribbon worms
  48 orcs
  6 ball pythons
  9 bats
  8 endoplasms
  5 giant cockroaches
  10 goblins
  4 hobgoblins
  6 jackals
  2 quokkas
  3 frilled lizards
  22 kobolds
  7 rats
  3 tentacles (Shoals:3)
1344 creatures vanquished.

Vanquished Creatures (others)
  A lich (Vaults:5)
  A shadow dragon (Zot:1)
  An ironbound preserver (Vaults:2)
  A very ugly thing (Vaults:5)
  A black draconian (Zot:1)
  A merfolk javelineer (Shoals:4)
  An ogre mage (Vaults:5)
  A dancing weapon (Vaults:5)
  A deep elf archer (Vaults:5)
  A sky beast (D:4)
  2 boggarts (D:14)
  A kobold (D:9)
  12 tentacles
25 creatures vanquished.

Grand Total: 1369 creatures vanquished

Notes
Turn   | Place    | Note
-------+----------+-------------------------------------------
     0 | D:1      | Flugkiller the Minotaur Fighter began the quest for the
                  | Orb.
     0 | D:1      | Reached XP level 1. HP: 19/19 MP: 0/0
   134 | D:1      | Reached XP level 2. HP: 26/27 MP: 1/1
   177 | D:1      | Reached skill level 4 in Fighting
   679 | D:1      | Reached XP level 3. HP: 33/33 MP: 2/2
  1080 | D:2      | Found a faded altar of an unknown god.
  1125 | D:2      | Reached XP level 4. HP: 36/41 MP: 3/3
  2146 | D:3      | Reached skill level 5 in Fighting
  2146 | D:3      | Reached XP level 5. HP: 33/48 MP: 4/4
  2288 | D:3      | Noticed an ogre
  2295 | D:3      | Killed an ogre
  2457 | D:3      | Reached XP level 6. HP: 56/56 MP: 5/5
  2739 | D:3      | Found a faded altar of an unknown god.
  2744 | D:3      | Found a snail-covered altar of Cheibriados.
  3009 | D:3      | Became a worshipper of Cheibriados the Contemplative
  3019 | D:4      | Noticed Sigmund
  3104 | D:4      | Found an ancient bone altar of Kikubaaqudgha.
  3118 | D:4      | Reached skill level 5 in Axes
  3163 | D:4      | You fall into a shaft and drop 1 floor!
  3163 | D:5      | Entered Level 5 of the Dungeon
  3265 | D:5      | Noticed an ice beast
  3275 | D:5      | Reached skill level 6 in Fighting
  3275 | D:5      | Reached skill level 5 in Armour
  3277 | D:5      | Reached skill level 1 in Invocations
  3285 | D:5      | Reached skill level 5 in Shields
  3285 | D:5      | Reached XP level 7. HP: 13/63 MP: 6/6
  3598 | D:5      | Noticed Blork the orc
  3606 | D:5      | Killed Blork the orc
  3689 | D:5      | Found a shimmering altar of Xom.
  3738 | D:5      | Found Able's Antique Weapon Shoppe.
  3802 | D:5      | Reached * piety under Cheibriados
  3806 | D:5      | Reached skill level 7 in Fighting
  3821 | D:5      | Found a shimmering blue altar of Sif Muna.
  3903 | D:5      | Found a staircase to the Ecumenical Temple.
  4195 | D:5      | Reached skill level 1 in Dodging
  4195 | D:5      | Reached XP level 8. HP: 42/73 MP: 8/8
  4704 | D:4      | Noticed Duvessa
  4704 | D:4      | Noticed Dowan
  4751 | D:4      | Killed Duvessa
  4754 | D:4      | Killed Dowan
  5090 | D:4      | Killed Sigmund
  5090 | D:4      | Reached ** piety under Cheibriados
  5091 | D:4      | Reached skill level 8 in Fighting
  5685 | D:4      | Found a runed translucent door.
  5686 | D:4      | Noticed Crazy Yiuf
  5737 | D:4      | Killed Crazy Yiuf
  5778 | D:4      | Gained mutation: You are vulnerable to heat. (rF-) [potion
                  | of mutation]
  5778 | D:4      | Gained mutation: You have supernaturally acute eyesight.
                  | (SInv) [potion of mutation]
  5964 | D:6      | Reached XP level 9. HP: 77/82 MP: 10/10
  6029 | D:5      | Bought a shimmering war axe for 229 gold pieces
  6029 | D:5      | Identified the +8 war axe "Hepitygi" {freeze, rC++} (You
                  | bought it in a shop on level 5 of the Dungeon)
  6375 | D:6      | Found a white marble altar of Elyvilon.
  6760 | D:7      | Reached skill level 9 in Fighting
  6797 | D:7      | Reached *** piety under Cheibriados
  7529 | D:8      | Found a radiant altar of Vehumet.
  7534 | D:8      | Reached **** piety under Cheibriados
  7739 | D:8      | Found Xalej's CLEARANCE SALE!.
  7772 | D:8      | Reached skill level 10 in Fighting
  7774 | D:8      | Reached XP level 10. HP: 78/93 MP: 12/12
  7998 | D:8      | Found a basalt altar of Yredelemnul.
  8051 | D:8      | Found a blossoming altar of Fedhas.
  8081 | D:8      | Reached skill level 5 in Dodging
  8086 | D:8      | Reached skill level 10 in Axes
  8148 | D:8      | Found a bloodstained altar of Trog.
  8228 | D:8      | Found a glowing silver altar of Zin.
  8351 | D:9      | Reached skill level 5 in Invocations
  8366 | D:9      | Found a sacrificial altar of Ru.
  8599 | D:9      | Found a flagged portal.
  8608 | Bailey   | Entered a bailey
  8636 | Bailey   | Reached ***** piety under Cheibriados
  8721 | Bailey   | Reached skill level 11 in Fighting
  8722 | Bailey   | Found a burning altar of Makhleb.
  8964 | D:9      | Found an iron altar of Okawaru.
  9018 | D:9      | Found a staircase to the Lair.
  9122 | D:9      | Noticed Maurice
  9129 | D:9      | Killed Maurice
  9130 | D:9      | Reached XP level 11. HP: 83/102 MP: 14/14
  9398 | D:9      | Found Fejulim's Distillery.
  9601 | D:9      | Bought a potion of mutation for 88 gold pieces
  9601 | D:9      | Bought a potion of mutation for 88 gold pieces
  9601 | D:9      | Lost mutation: You have supernaturally acute eyesight.
                  | (SInv) [potion of mutation]
  9601 | D:9      | Lost mutation: You are vulnerable to heat. (rF-) [potion of
                  | mutation]
  9601 | D:9      | Gained mutation: You are partially covered in large bone
                  | plates. (SH +4) [potion of mutation]
  9682 | D:8      | Bought the +8 war axe "Caif" {vamp, SInv} for 185 gold
                  | pieces
  9990 | D:10     | Entered Level 10 of the Dungeon
 10050 | D:10     | Found a runed translucent gate.
 10050 | D:10     | Found a runed translucent gate.
 10050 | D:10     | Found a runed translucent gate.
 10051 | D:10     | Noticed Lodul
 10052 | D:10     | Noticed a death yak
 10090 | D:10     | Noticed Erica
 10096 | D:10     | Killed Erica
 10122 | D:10     | Found a stormy altar of Qazlal.
 10575 | D:10     | Reached skill level 12 in Fighting
 10578 | D:10     | Killed a death yak
 10581 | D:10     | Killed Lodul
 10619 | D:10     | Got the Compendium of the Deep Freeze
 10633 | D:11     | Noticed Harold
 10638 | D:11     | Killed Harold
 10660 | D:11     | Reached ****** piety under Cheibriados
 10665 | D:11     | Reached XP level 12. HP: 113/113 MP: 16/16
 10672 | D:11     | Noticed Erolcha
 10673 | D:11     | Killed Erolcha
 10674 | D:11     | Reached skill level 13 in Fighting
 10674 | D:11     | Reached skill level 10 in Armour
 10674 | D:11     | Reached skill level 1 in Evocations
 10716 | D:11     | Found a gate leading to a gauntlet.
 10726 | Gauntlet | Entered a Gauntlet
 10726 | Gauntlet | Found a transporter.
 10726 | Gauntlet | Found a transporter.
 10730 | Gauntlet | Found a transporter.
 10731 | Gauntlet | Found a transporter.
 10732 | Gauntlet | Found a large runed translucent door.
 10733 | Gauntlet | Found a large runed translucent door.
 10734 | Gauntlet | Found a large runed translucent door.
 10734 | Gauntlet | Found a large runed translucent door.
 10734 | Gauntlet | Found a runed translucent door.
 10734 | Gauntlet | Found a runed translucent door.
 10735 | Gauntlet | Found a large runed translucent door.
 10735 | Gauntlet | Found a large runed translucent door.
 10735 | Gauntlet | Found a large runed translucent door.
 10735 | Gauntlet | Found a large runed translucent door.
 10736 | Gauntlet | Found a large runed translucent door.
 10736 | Gauntlet | Found a large runed translucent door.
 10737 | Gauntlet | Found a large runed translucent door.
 10737 | Gauntlet | Found a large runed translucent door.
 10738 | Gauntlet | Found a runed translucent gate.
 10738 | Gauntlet | Found a runed translucent gate.
 10738 | Gauntlet | Found a runed translucent gate.
 10739 | Gauntlet | Noticed a green death
 10740 | Gauntlet | Found a transporter.
 10751 | Gauntlet | Found a large runed translucent door.
 10752 | Gauntlet | Found a large runed translucent door.
 10761 | Gauntlet | Found a large runed translucent door.
 10761 | Gauntlet | Found a large runed translucent door.
 10805 | Gauntlet | Found a transporter.
 10815 | Gauntlet | Found a transporter.
 10821 | Gauntlet | Found a transporter.
 10823 | Gauntlet | Found a transporter.
 10836 | Gauntlet | Found a transporter.
 10853 | Gauntlet | Noticed a catoblepas
 10857 | Gauntlet | Found a transporter.
 10882 | Gauntlet | Found a transporter.
 10970 | Gauntlet | Killed a green death
 11010 | Gauntlet | Identified the +1 helmet of the Marlin {Regen+}
 11022 | Gauntlet | Noticed a minotaur
 11031 | Gauntlet | Killed a minotaur
 11219 | D:11     | Found an iron altar of Okawaru.
 11902 | Lair:1   | Entered Level 1 of the Lair of Beasts
 12359 | Lair:1   | Found a basalt altar of Yredelemnul.
 12964 | Lair:2   | Reached XP level 13. HP: 94/123 MP: 18/18
 12970 | Lair:2   | Noticed Gastronok
 13098 | Lair:2   | Killed Gastronok
 13140 | Lair:2   | Found a runed translucent door.
 13146 | Lair:2   | Found a shimmering altar of Xom.
 13146 | Lair:2   | Noticed Dumidips's ghost (journeyman OpMo)
 13243 | Lair:2   | Reached skill level 14 in Fighting
 13281 | Lair:2   | Identified the +2 eveningstar of Zaticw {freeze, rF- Str+5
                  | Int+3 Stlth+}
 13708 | Lair:2   | Found a staircase to the Shoals.
 13806 | Lair:2   | Identified a scroll of acquirement
 13806 | Lair:2   | Acquired the +5 kite shield "Biputodo" {+Blink +Inv Dex-4}
 14506 | Lair:3   | Found a staircase to the Snake Pit.
 14512 | Lair:3   | Reached skill level 15 in Axes
 16236 | Lair:5   | Entered Level 5 of the Lair of Beasts
 16305 | Lair:5   | Reached skill level 5 in Evocations
 16332 | Lair:5   | Reached XP level 14. HP: 127/133 MP: 19/19
 16457 | Lair:5   | Reached skill level 10 in Dodging
 16583 | Lair:5   | Identified the +6 rapier of Change {drain, rN++ rCorr Int-3
                  | Dex-5}
 16802 | Lair:5   | Found a viscous altar of Jiyva.
 16802 | Lair:5   | Found a staircase to the Slime Pits.
 17422 | D:12     | Found a staircase to the Orcish Mines.
 17422 | D:12     | Noticed Psyche
 17422 | D:12     | Noticed Urug
 17434 | D:12     | Killed Psyche
 17436 | D:12     | Found Lamef's Armour Emporium.
 17440 | D:12     | Killed Urug
 17470 | Orc:1    | Entered Level 1 of the Orcish Mines
 17470 | Orc:1    | Found Kuxegi's General Store.
 17708 | Orc:2    | Entered Level 2 of the Orcish Mines
 17745 | Orc:2    | Found a staircase to the Elven Halls.
 17814 | Orc:2    | Found Zeipor's Magic Scroll Boutique.
 17827 | Orc:2    | Reached skill level 15 in Fighting
 17843 | Orc:2    | Found Ciothroar's Distillery.
 17843 | Orc:2    | Found Figeg's Antique Armour Shop.
 17843 | Orc:2    | Found Opser's Assorted Antiques.
 17877 | Orc:2    | Bought a potion of heal wounds for 55 gold pieces
 17877 | Orc:2    | Bought a potion of ambrosia for 88 gold pieces
 17878 | Orc:2    | Bought a scroll of blinking for 75 gold pieces
 17879 | Orc:2    | Bought a scroll of teleportation for 87 gold pieces
 17895 | Orc:2    | Reached skill level 10 in Invocations
 18004 | Orc:2    | Found Ytuecw's Assorted Antiques.
 18739 | D:9      | Bought a potion of heal wounds for 55 gold pieces
 18739 | D:9      | Bought 2 potions of resistance for 220 gold pieces
 18739 | D:9      | Bought a potion of invisibility for 88 gold pieces
 19599 | D:12     | Reached XP level 15. HP: 134/141 MP: 21/21
 19775 | D:12     | Identified the +6 orcbow "Biariajej" {elec, Fly rF+}
 19776 | D:12     | Identified the +2 robe of Gapri {rPois rN+ Int-5 Dex+4}
 19777 | D:12     | Identified the +8 sling of Light {flame, rElec rPois rF-
                  | Will+}
 19961 | D:13     | Found Usses's Magic Scroll Emporium.
 20049 | D:13     | Bought a scroll of enchant armour for 105 gold pieces
 20049 | D:13     | Bought a scroll of enchant armour for 105 gold pieces
 20199 | D:13     | Identified the blade talisman of Kindness {rCorr Stlth+}
 20494 | D:14     | Noticed Jorgrun
 20502 | D:14     | Killed Jorgrun
 20518 | D:14     | Found a shadowy altar of Dithmenos.
 20602 | D:14     | Reached skill level 16 in Fighting
 21728 | D:14     | Found a gate to the Vaults.
 21850 | D:15     | Entered Level 15 of the Dungeon
 21853 | D:15     | Paralysed by an air elemental for 1 turns
 21903 | D:15     | Reached skill level 10 in Shields
 22047 | D:15     | Found a staircase to the Depths.
 22411 | D:15     | Paralysed by an air elemental for 1 turns
 22449 | D:15     | Paralysed by an air elemental for 1 turns
 22599 | D:15     | Acquired the amulet of Dawn {Reflect rElec rPois Will-
                  | SH+5}
 22658 | D:15     | Paralysed by an air elemental for 1 turns
 23322 | Snake:1  | Entered Level 1 of the Snake Pit
 23325 | Snake:1  | Reached XP level 16. HP: 152/152 MP: 23/23
 23580 | Snake:1  | Reached skill level 15 in Armour
 23625 | Snake:1  | Reached skill level 17 in Fighting
 23668 | Snake:1  | Identified the +0 ring mail of Instinct {*Slow rPois Dex+3}
 24133 | Snake:4  | Entered Level 4 of the Snake Pit
 24203 | Snake:4  | Found Dytono's Distillery.
 24234 | Snake:4  | Bought 2 potions of heal wounds for 210 gold pieces
 24234 | Snake:4  | Bought a potion of heal wounds for 105 gold pieces
 24234 | Snake:4  | Bought a potion of cancellation for 168 gold pieces
 24631 | Snake:4  | Reached XP level 17. HP: 138/163 MP: 14/25
 24654 | Snake:4  | Reached skill level 18 in Fighting
 24695 | Snake:4  | Got a jade gem with 561 turns to spare
 24697 | Snake:4  | Got a serpentine rune of Zot
 25136 | Shoals:1 | Entered Level 1 of the Shoals
 25356 | Shoals:2 | Noticed Roxanne
 25388 | Shoals:2 | Noticed Ilsuiw
 25396 | Shoals:2 | Killed Ilsuiw
 25400 | Shoals:2 | Noticed Frances
 25418 | Shoals:2 | Killed Frances
 25663 | Shoals:3 | Found Vohuoz's General Store.
 25663 | Shoals:3 | Noticed a kraken
 25674 | Shoals:3 | Killed a kraken
 25681 | Shoals:3 | Bought 2 scrolls of blinking for 195 gold pieces
 25690 | Shoals:4 | Entered Level 4 of the Shoals
 25952 | Shoals:4 | Reached skill level 15 in Dodging
 25976 | Shoals:4 | Got a barnacled rune of Zot
 25978 | Shoals:4 | Got an azure gem with 660 turns to spare
 26024 | Shoals:4 | Noticed Louise
 26042 | Shoals:4 | Killed Louise
 26208 | Shoals:2 | Reached skill level 19 in Fighting
 26412 | Vaults:1 | Entered Level 1 of the Vaults
 26419 | Vaults:1 | Reached XP level 18. HP: 155/176 MP: 26/26
 26657 | Vaults:2 | Reached skill level 15 in Shields
 26793 | Vaults:2 | Paralysed by a formless jellyfish for 1 turns
 26879 | Vaults:2 | Found a staircase to the Crypt.
 26994 | Vaults:2 | You fall into a shaft and drop 1 floor!
 27224 | Vaults:4 | Reached skill level 20 in Fighting
 27428 | Vaults:4 | Reached XP level 19. HP: 183/184 MP: 27/27
 28038 | Vaults:5 | Entered Level 5 of the Vaults
 28081 | Vaults:5 | Noticed a dread lich
 28167 | Vaults:5 | Killed a dread lich
 28201 | Vaults:5 | Got a silver rune of Zot
 28208 | Vaults:5 | Got a shining gem with 1172 turns to spare
 28226 | Vaults:5 | Identified the +1 orcbow "Eroatav" {drain, rF++}
 28254 | Vaults:5 | Noticed a Tzitzimitl
 28309 | Vaults:5 | Reached skill level 21 in Fighting
 28358 | Vaults:5 | Identified the ring "Soim" {Wiz Will+ Str+2}
 28481 | Vaults:5 | Reached XP level 20. HP: 198/198 MP: 28/28
 28614 | Vaults:5 | Found Zitrauh's Assorted Antiques.
 28996 | Vaults:5 | Acquired 813 gold pieces
 28997 | Vaults:5 | Acquired 965 gold pieces
 29715 | Depths:1 | Entered Level 1 of the Depths
 29715 | Depths:1 | Found a one-way gate leading to the halls of Pandemonium.
 29771 | Depths:1 | Found a gateway to Hell.
 29972 | Depths:3 | Noticed Norris
 29997 | Depths:2 | Killed Norris
 30077 | Depths:4 | Entered Level 4 of the Depths
 30079 | Depths:4 | Noticed a caustic shrike
 30081 | Depths:4 | Noticed a caustic shrike
 30081 | Depths:4 | Noticed a caustic shrike
 30098 | Depths:4 | Killed a caustic shrike
 30099 | Depths:4 | Killed a caustic shrike
 30099 | Depths:4 | Killed a caustic shrike
 30242 | Depths:4 | Reached skill level 22 in Fighting
 30653 | Depths:4 | Found a one-way gateway to a ziggurat.
 30823 | Depths:4 | Found a broken altar of Ashenzari.
 30920 | Depths:4 | Found a gate to the Realm of Zot.
 30935 | Depths:4 | Got a midnight gem with 1517 turns to spare
 30959 | Zot:1    | Entered Level 1 of the Realm of Zot
 30973 | Zot:1    | Reached XP level 21. HP: 151/209 MP: 29/29
 31337 | Zot:1    | Noticed a curse toe
 31337 | Zot:1    | Noticed a curse toe
 31345 | Zot:1    | Killed a curse toe
 31351 | Zot:1    | Killed a curse toe
 31412 | Zot:1    | Noticed an orb of fire
 31430 | Zot:1    | Gained mutation: Armour fits poorly on your strangely
                  | shaped body. [an orb of fire]
 31440 | Zot:1    | Gained mutation: You occasionally lose the ability to drink
                  | potions when taking damage. [an orb of fire]
 31441 | Zot:1    | Killed an orb of fire
 31449 | Zot:1    | Lost mutation: You are partially covered in large bone
                  | plates. (SH +4) [potion of mutation]
 31449 | Zot:1    | Lost mutation: Armour fits poorly on your strangely shaped
                  | body. [potion of mutation]
 31449 | Zot:1    | Lost mutation: You occasionally lose the ability to drink
                  | potions when taking damage. [potion of mutation]
 31449 | Zot:1    | Gained mutation: Your magical capacity is low. (-10% MP)
                  | [potion of mutation]
 31449 | Zot:1    | Gained mutation: You occasionally lose the ability to drink
                  | potions when taking damage. [potion of mutation]
 31449 | Zot:1    | Gained mutation: You have a somewhat thin skeletal
                  | structure. (Dex +2, Stealth+) [potion of mutation]
 31450 | Zot:1    | Lost mutation: You have a somewhat thin skeletal structure.
                  | (Dex +2, Stealth+) [potion of mutation]
 31450 | Zot:1    | Lost mutation: Your magical capacity is low. (-10% MP)
                  | [potion of mutation]
 31450 | Zot:1    | Gained mutation: You have an increased reservoir of magic.
                  | (+10% MP) [potion of mutation]
 31450 | Zot:1    | Gained mutation: You have sharp fingernails. [potion of
                  | mutation]
 31450 | Zot:1    | Gained mutation: Your natural rate of healing is unusually
                  | fast. [potion of mutation]
 31536 | Zot:1    | HP: 5/210 [electric golem/bolt of lightning (12)]
 31538 | Zot:1    | Killed from afar by an electric golem

Illustrated notes

Levels and vault maps discovered:
D:1:      wander_arrival_peaceful_grave, layout_basic
D:2:      layout_basic, hellmonk_ecumenical_altar_run_dry, minivault_24,
          minmay_circle_x
D:3:      layout_loops_ring, nicolae_overflow_ecumenical_swirl
D:4:      layout_loops_ring, mainiacjoe_overflow_tiny_flanked,
          serial_bayou_pond_b, dk_vineyard_2, uniq_crazy_yiuf_cottage,
          uniq_sigmund, uniq_duvessa
D:5:      layout_loops_ring, nicolae_overflow_crystal_walls,
          mainiacjoe_overflow_cross_hatched, lemuel_temple_firewalk_a,
          serial_shops, shop_fountains, minmay_joined_circles,
          uniq_blork_the_orc
D:6:      layout_cave_pools, mainiacjoe_overflow_catwalk,
          kennysheep_small_spiral
D:7:      layout_cave_pools
D:8:      layout_cave_pools, kennysheep_little_box, fedhas_altar_decomposition,
          nicolae_vehumet_altar_sigil, zin_statuary,
          mainiacjoe_overflow_24_doors, nicolae_shop_clearance
D:9:      layout_loops_ring, mainiacjoe_overflow_small_starburst,
          nicolae_ru_great_annihilating_truth, due_lair_maze_entry_diamond,
          serial_shops, shop, enter_bailey_8, uniq_maurice
D:10:     lemuel_bear_cage, layout_rooms, nicolae_qazlal_scattered_showers,
          bh_circular_ruins, uniq_lodul, uniq_erica
D:11:     layout_roguey, gauntlet_entry_generic, okawaru_ov_weapons_minmay,
          uniq_harold, uniq_erolcha
D:12:     minmay_the_grid_triangle_9x9_recursive_2
          [minmay_the_grid_triangle_9x9_prize_insulated,
          minmay_the_grid_triangle_9x9_longest,
          minmay_the_grid_triangle_9x9_skeleton,
          minmay_the_grid_triangle_9x9_steps], layout_loops_ring, orc_david_3,
          grunt_ministairs_6, chequers_serial_rivers_micro_d, uniq_psyche,
          uniq_urug
D:13:     layout_cross, serial_shops, nicolae_shop_behind_doors
D:14:     layout_layer_cave, hellmonk_vaults_keyhole, grunt_dithmenos_smoke,
          uniq_jorgrun
D:15:     hangedman_crystal_crosses_colossus [crystal_crosses_arms_four,
          crystal_crosses_arms_two, crystal_crosses_arms_one]
Lair:1:   layout_roguey, lemuel_centaur_altar
Lair:2:   layout_long_grid, minmay_shoals_entry_hut, ebering_ghost_xom,
          grunt_megastairs_1, serial_bayou_shore_a, uniq_gastronok
Lair:3:   layout_cave_shapes, minmay_snake_entry_six_corridors
Lair:4:   layout_cellular_growth, st_stairs_13
Lair:5:   minmay_lair_end_enchanted_forest, layout_gridlike, slime_entry_1,
          grunt_megastairs_4
Shoals:1: cheibrodos_shoals_oceanic_diplomacy, layout_shoals,
          nicolae_shoals_seven_spires, yaktaur_hedge
Shoals:2: layout_shoals, uniq_frances, uniq_ilsuiw, uniq_roxanne
Shoals:3: layout_shoals, serial_shops, shop
Shoals:4: shoals_end_grunt_ice, layout_shoals, uniq_louise
Snake:1:  layout_rooms
Snake:2:  layout_chambers, basic_altar, uniq_vashnia
Snake:3:  layout_misc_corridors, minmay_shop_star, lemuel_fruit_tree,
          uniq_mlioglotl
Snake:4:  snake_pit, layout_onion, serial_shops, shop,
          statue_in_the_mist_lemuel, drop_trap
Orc:1:    layout_caves, serial_shops, shop
Orc:2:    st_orc_ogre_mass, layout_diamond_mine, basic_altar, serial_shops,
          nicolae_shop_trees, blackcustard_mines_bat_river
Vaults:1: gammafunk_ghost_crypt, nicolae_vaults_surprise_closet_hard,
          hangedman_vaults_nails, layout_vaults_omnigrid
Vaults:2: nicolae_vaults_shipping_containers_1, nicolae_vaults_six-pack,
          hangedman_vaults_corner, nicolae_vaults_trapezoid_1,
          vaults_mumra_minichess, vaults_room_semicircle, v_misc_23,
          ontoclasm_vaults_eye, dpeg_vaults_monster_box,
          nicolae_vaults_storage_closets_1, nicolae_vaults_two_Ls,
          layout_vaults_omnibox, minmay_crypt_entry_simple_corners
Vaults:3: vaults_room_pools, nicolae_vaults_gold_heap,
          hangedman_vaults_stretched_pinwheel, nicolae_vaults_closet_pinwheel_5,
          v_alt_pattern_1, grunt_vaults_hallway_short, v_misc_30,
          nicolae_vaults_closet_pinwheel_3, vaults_dpeg_emergency_exit,
          grunt_vaults_hallway_short, vaults_room_stairs_pillars,
          vaults_mumra_hex, layout_vaults_big_room, uniq_bai_suzhen,
          uniq_saint_roka
Vaults:4: special_room_vaults [special_room_orc], v_misc_22, v_misc_25,
          nicolae_vaults_storage_closets_2, nicolae_vaults_trapezoid_3,
          vaults_room_grid, nicolae_vaults_closet_pinwheel_6,
          hangedman_vaults_hat, vaults_room_pool, v_misc_14,
          hangedman_vaults_maws, nicolae_vaults_surprise_closet,
          layout_vaults_maze_snakey, serial_shops, bzr_entry_gold
Vaults:5
Depths:1: layout_cave_pools, minmay_misc_feat_tower, ebering_ghost_xom,
          hell_entry, pan_entry, chequers_serial_rivers_room_b, lightli_minifort
Depths:2: nicolae_hitomezashi [nicolae_hito_row, nicolae_hito_row,
          nicolae_hito_row, nicolae_hito_row, nicolae_hito_row,
          nicolae_hito_row, nicolae_hito_row, nicolae_hito_row,
          nicolae_hito_row, nicolae_hito_row, nicolae_hito_row,
          nicolae_hito_row, nicolae_hito_row, nicolae_hito_row,
          nicolae_hito_row, nicolae_hito_row, nicolae_hito_row,
          nicolae_hito_row], layout_gridville, abyss_entry_crystal,
          pf_coc_iceberg, rand_demon_pan_entry_3, uniq_grunn
Depths:3: bobbens_index_wilting_gardens, layout_cave_pools,
          kennysheep_another_room, nicolae_abyss_entry_one_way_or_another,
          hell_entry, uniq_norris, uniq_frederick
Depths:4: grunt_x_marks_the_spot, layout_basic, ziggurat_fallback, serial_shops,
          nicolae_shop_drivethru, evilmike_ruin_ashenzari,
          pf_hell_entry_tar_spiral, grunt_pan_entry_sceptre
Zot:1:    regret_index_zot_pan_timeshare, layout_onion_interference,
          grunt_ministairs_10, zot_minivault_1, uniq_vv

Skill      XL: |  1  2  3  4  5  6  7  8  9 10 11 12 13 14 15 16 17 18 19 20 21 |
---------------+----------------------------------------------------------------+-----
Fighting       | 4 5 6 7 8 10 11 12 13 14 15 16 17 19 20 21 22 | 22.8
Axes           | 3 4 5 6 8 9 11 12 14 15 16 | 16.0
Armour         | 4 5 6 7 8 9 11 12 13 14 16 17 18 19 21 | 21.6
Shields        | 4 5 6 8 10 12 14 16 17 18 19 | 19.5
Invocations    | 1 2 3 4 5 6 8 9 10 11 12 | 12.0
Dodging        | 1 3 4 6 7 8 9 11 12 13 15 16 17 18 19 | 19.3
Evocations     | 3 5 6 |  6.0

Action                     |  1- 3 |  4- 6 |  7- 9 | 10-12 | 13-15 | 16-18 | 19-21 || total
---------------------------+-------+-------+-------+-------+-------+-------+-------++-------
  Melee: War axe           |    66 |   106 |   220 |   273 |   767 |  1060 |   925 ||  3417
         Headbutt          |    13 |    18 |    37 |    56 |   198 |   280 |   298 ||   900
  Throw: Throwing net      |       |       |       |       |     1 |       |       ||     1
 Invoke: Temporal Distorti |       |       |       |     1 |       |       |       ||     1
         Slouch            |       |       |       |       |     3 |    11 |     9 ||    23
         Step From Time    |       |       |       |       |       |       |     5 ||     5
  Evoke: Wand              |       |       |     3 |       |       |       |       ||     3
    Use: Potion            |       |     2 |    11 |     3 |     2 |     1 |    13 ||    32
         Scroll            |       |     5 |     5 |     5 |    14 |       |     7 ||    36
   Stab: Paralysed         |       |       |       |     1 |       |       |       ||     1
         Distracted        |       |       |       |       |     1 |       |     1 ||     2
         Invisible         |       |       |       |       |       |       |     2 ||     2
 Armour: Scale mail        |    39 |    78 |   109 |    52 |       |       |       ||   278
         Skin              |       |       |    46 |     1 |       |       |       ||    47
         Plate armour      |       |       |       |   137 |   349 |   365 |   469 ||  1320
  Dodge: Dodged            |    30 |    39 |    85 |   255 |   446 |   732 |   746 ||  2333
  Block: Buckler           |    16 |    22 |    58 |   178 |    39 |       |       ||   313
         Kite shield       |       |       |       |       |   816 |  1380 |  1035 ||  3231
         Reflection        |       |       |       |       |       |   110 |       ||   110
